 Dungeon Crawl Stone Soup version 0.30-a0-634-g8abc85282e (webtiles) character file.

Game seed: 16209812646448708972

9146 Dirtsage the Transmogrifier (level 11, -11/88 HPs)
             Began as an Octopode Transmuter on Jan 14, 2023.
             Was a Believer of the Shining One.
             Mangled by a catoblepas (23 damage)
             ... on level 2 of the Lair of Beasts.
             The game lasted 00:28:40 (11674 turns).

Dirtsage the Transmogrifier (Octopode Transmuter)  Turns: 11674, Time: 00:28:41

Health: -11/88     AC:  9    Str:  9    XL:     11   Next: 41%
Magic:  24/24      EV: 13    Int: 20    God:    the Shining One [**....]
Gold:   395        SH:  5    Dex: 19    Spells: 1/14 levels left

rFire   . . .      SeeInvis .      - Unarmed
rCold   + + +      Faith    .    (shield currently unavailable)
rNeg    + . .      Spirit   .    (helmet currently unavailable)
rPois   +          Reflect  +    K - amulet of reflection
rElec   .          Harm     .    k - +6 ring of dexterity
rCorr   +          Rampage  .    p - ring of flight
Will    .....                    o - ring of magical power
Stlth   +                        W - ring of wizardry
HPRegen 0.34/turn                F - ring of protection from fire
MPRegen 0.19/turn                C - ring of resist corrosion
                                 (no ring)
                                 (no ring)

@: ice-form, flying, glowing
A: freezing attack, boosted hp, almost no armour, amphibious, 8 rings, large,
(camouflage 1), (gelatinous body 1), (nimble swimmer 1), (tentacles)
a: End Transformation, Renounce Religion, Divine Shield


You were on level 2 of the Lair of Beasts.
You worshipped the Shining One.
The Shining One was pleased with you.
You were a creature of crystalline ice.
You visited 2 branches of the dungeon, and saw 11 of its levels.
You also visited: Sewer and Bailey.

You collected 953 gold pieces.
You spent 558 gold pieces at shops.

Inventory:

Missiles
 e - 6 atropa-tipped darts
 D - a curare-tipped dart
 I - a throwing net
Jewellery
 k - a +6 ring of dexterity (left front paw)
 o - a ring of magical power (on tentacle)
 p - a ring of flight (right front paw)
 C - a ring of resist corrosion (on tentacle)
 F - a ring of protection from fire (on tentacle)
 K - an amulet of reflection (around neck)
 W - a ring of wizardry (on tentacle)
Wands
 b - a wand of mindburst (11)
 r - a wand of flame (22)
 y - a wand of iceblast (6)
 H - a wand of quicksilver (9)
Scrolls
 f - a scroll of brand weapon {unknown}
 g - a scroll of butterflies
 j - 2 scrolls of enchant weapon {unknown}
 l - 3 scrolls of magic mapping
 n - 2 scrolls of enchant armour
 s - 2 scrolls of poison {unknown}
 t - 4 scrolls of teleportation
 A - 3 scrolls of immolation {unknown}
 B - 5 scrolls of blinking
 E - a scroll of fog
 G - a scroll of vulnerability
 J - a scroll of fear {unknown}
 L - a scroll of amnesia {unknown}
Potions
 a - 4 potions of lignification
 c - 2 potions of brilliance {unknown}
 d - 5 potions of might
 h - 3 potions of haste
 i - a potion of mutation {unknown}
 m - a potion of cancellation {unknown}
 q - 5 potions of curing
 u - a potion of ambrosia
 v - 3 potions of degeneration {unknown}
 w - 5 potions of heal wounds {unknown}
 x - 3 potions of flight {unknown}
 z - a potion of attraction {unknown}
 M - a potion of invisibility {unknown}


   Skills:
 + Level 6.5 Fighting
 + Level 6.7 Dodging
 + Level 7.2 Unarmed Combat
 - Level 2.0 Spellcasting
 - Level 8.0 Transmutations
 - Level 8.0 Ice Magic
 * Level 4.7 Earth Magic
 + Level 6.3 Invocations


You had one spell level left.
You knew the following spells:

 Your Spells              Type           Power      Damage    Failure   Level
a - Ice Form              Ice/Tmut       34%        N/A       2%          4
b - Wereblood             Tmut           34%        N/A       1%          2
c - Beastly Appendage     Tmut           68%        N/A       1%          1
d - Statue Form           Tmut/Erth      18%        N/A       54%         6

Your spell library contained the following spells:

 Spells                   Type           Power      Damage    Failure   Level
 Apportation              Tloc           4%         N/A       6%          1
 Magic Dart               Conj           8%         1d3       6%          1
 Necrotise                Necr           8%         1d4       6%          1
 Summon Small Mammal      Summ           8%         N/A       6%          1
 Spider Form              Tmut/Pois      18%        N/A       3%          3
 Petrify                  Tmut/Erth      27%        N/A       4%          4
 Searing Ray              Conj           4%         2d4       10%         2
 Sublimation of Blood     Necr           2%         N/A       10%         2
 Gell's Gravitas          Tloc           2%         N/A       19%         3
 Lesser Beckoning         Tloc           4%         N/A       19%         3
 Teleport Other           Tloc           2%         N/A       19%         3
 Vampiric Draining        Necr           2%         2d6       19%         3
 Irradiate                Conj/Tmut      9%         3d14      32%         5
 Metabolic Englaciation   Hex/Ice        9%         N/A       32%         5
 Fulminant Prism          Conj/Hex       1%         3d5       50%         4
 Agony                    Necr           2%         N/A       83%         5


Dungeon Overview and Level Annotations

Branches:
Dungeon (9/15)             Temple (0/1) D:7            Lair (2/5) D:8
  Sewer (visited)          Bailey (visited)
  Swamp: Lair:2-3    Shoals: Lair:2-3     Snake: Lair:2-3    Spider: Lair:2-3
    Orc: D:9-12

Altars:
Dithmenos
Kikubaaqudgha
Makhleb
Nemelex Xobeh
Sif Muna
Uskayaw
Yredelemnul
The Shining One

Shops:
D:1 :   D:7 !

Annotations:
D:2 1 runed translucent door, Crazy Yiuf


Innate Abilities, Weirdness & Mutations

You are a creature of crystalline ice.
You have a powerful freezing melee attack.
Your maximum health is increased.
Your armour is entirely melded.
You are incapable of wielding weapons or throwing items.
You cannot wear most types of armour.
You are amphibious.
You can wear up to eight rings at the same time.
((Your skin changes colour to match your surroundings (Stealth+).))
((Your rubbery body absorbs attacks. (AC +1, EV +1)))
((You are camouflaged when in or above water. (Stealth+)))
((You have tentacles for arms and can constrict up to eight enemies at once.))


Message History

You hit the catoblepas. You freeze the catoblepas.
The catoblepas is heavily wounded.
The catoblepas misses you.
You hit the catoblepas. You freeze the catoblepas.
The catoblepas is heavily wounded.
The catoblepas misses you.
You hit the catoblepas but do no damage.
The catoblepas is heavily wounded.
The catoblepas gores you!
You take 11 damage, and have 58/88 hp.
You hit the catoblepas. You freeze the catoblepas.
The catoblepas is severely wounded.
The catoblepas gores you!!
You take 21 damage, and have 37/88 hp.
MASSIVE DAMAGE!!
You hit the catoblepas. You freeze the catoblepas.
The catoblepas is severely wounded.
You hit the catoblepas. You freeze the catoblepas.
The catoblepas is severely wounded.
The catoblepas misses you.
You hit the catoblepas. You freeze the catoblepas.
The catoblepas is severely wounded.
The catoblepas gores you but does no damage.
You hit the catoblepas but do no damage.
The catoblepas is severely wounded.
The catoblepas breathes a plume of calcifying dust at you.
The blast of calcifying dust hits you.
You take 2 damage, and have 36/88 hp.
You punch the catoblepas! You freeze the catoblepas.
The catoblepas is almost dead.
The catoblepas breathes a plume of calcifying dust at you.
The blast of calcifying dust hits you!
You take 7 damage, and have 30/88 hp.
The catoblepas attacks as you move away!
The catoblepas gores you!!
* * * LOW HITPOINT WARNING * * *
You take 19 damage, and have 11/88 hp.
MASSIVE DAMAGE!!
You hit the catoblepas. You freeze the catoblepas.
The catoblepas is almost dead.
The catoblepas gores you!!
You die...

##......#####
PP..........#
....#.......# ####
#####....>..####..## #
###P##..##§....### #
####..###§.....## #
##.....§...§.#
###....Y.§.## ##...Y#§#.#
# ### ## #......####
####.###)###.......#
.........#^...........
.....................~~
...#....>##.###.###..~~~~
..##.....### ### .P~~..
#.......### ##..~~..
.♣........#######....~~..


You could see a catoblepas.

Vanquished Creatures
  An oklob plant (Lair:1)
  A gargoyle (D:7)
  A cane toad (Lair:1)
  The ghost of initializr the Grave Robber, a novice HuNe (D:6)
  2 komodo dragons
  A hornet (D:8)
  A troll (D:8)
  Grinder (D:3)
  5 blink frogs
  Prince Ribbit (D:7)
  A steam dragon (D:8)
  6 yaks (Lair:1)
  A naga (Lair:1)
  Menkaure (D:7)
  2 swamp worms (Lair:2)
  An acid dragon (D:8)
  An orc warrior (D:5)
  7 water moccasins
  Pargi (Sewer)
  4 wolves (D:8)
  2 centaurs (D:8)
  2 bullfrogs
  3 kobold brigands
  A gnoll sergeant (D:8)
  6 scorpions
  A water moccasin zombie (D:5)
  3 wights (D:8)
  4 killer bees (D:8)
  4 electric eels
  2 vampire bats (D:5)
  A howler monkey (D:5)
  2 bullfrog zombies (D:5)
  6 hounds
  4 jellies
  3 orc priests
  4 gnoll boudas
  6 iguanas
  3 orc wizards
  A scorpion zombie (D:5)
  A hound zombie (D:5)
  A howler monkey zombie (D:5)
  12 gnolls
  15 adders
  3 river rats (D:5)
  2 shadow imps
  A white imp (D:5)
  An ufetubus (D:5)
  6 worms
  17 orcs
  13 bats
  4 bat skeletons (D:5)
  A bat zombie (D:5)
  4 endoplasms
  4 giant cockroaches
  7 goblins
  5 hobgoblins
  19 kobolds
  4 quokkas
  2 ball pythons (D:1)
  3 frilled lizards
  5 rats
228 creatures vanquished.

Vanquished Creatures (others)
  3 fungi (Lair:2)
  27 plants
30 creatures vanquished.

Grand Total: 258 creatures vanquished

Notes
Turn   | Place    | Note
-------+----------+-------------------------------------------
     0 | D:1      | Dirtsage the Octopode Transmuter began the quest for the
                  | Orb.
     0 | D:1      | Reached XP level 1. HP: 13/13 MP: 3/3
   246 | D:1      | Reached skill level 1 in Ice Magic
   246 | D:1      | Reached XP level 2. HP: 18/18 MP: 5/5
   257 | D:1      | You fall into a shaft and drop 1 floor!
   316 | D:2      | Reached XP level 3. HP: 22/23 MP: 6/6
   489 | D:2      | Found a faded altar of an unknown god.
   745 | D:1      | Found Xeexill's Book Shop.
   911 | D:1      | Reached XP level 4. HP: 28/28 MP: 7/7
  1193 | D:2      | Found a runed translucent door.
  1194 | D:2      | Noticed Crazy Yiuf
  1487 | D:3      | Noticed Grinder
  1499 | D:3      | Learned a level 4 spell: Ice Form
  1502 | D:3      | Learned a level 2 spell: Wereblood
  1592 | D:3      | Killed Grinder
  1593 | D:3      | Reached XP level 5. HP: 25/33 MP: 4/8
  1593 | D:3      | Reached XP level 6. HP: 28/38 MP: 4/9
  3028 | D:5      | Entered Level 5 of the Dungeon
  3133 | D:5      | Reached skill level 5 in Transmutations
  3133 | D:5      | Reached XP level 7. HP: 16/43 MP: 10/10
  3420 | D:5      | Found a glowing drain.
  3427 | Sewer    | Entered a sewer
  3472 | Sewer    | Noticed Pargi
  3478 | Sewer    | Killed Pargi
  3479 | Sewer    | Reached skill level 5 in Ice Magic
  3643 | D:5      | Found a glowing golden altar of the Shining One.
  3651 | D:5      | Became a worshipper of the Shining One
  3695 | D:5      | Identified the +3 chain mail "Fyleb" {rC++ Int+2 Dex+6}
  3846 | D:5      | Reached XP level 8. HP: 28/51 MP: 9/11
  3962 | D:5      | Found a basalt altar of Yredelemnul.
  4222 | D:5      | Reached * piety under the Shining One
  4229 | D:5      | Found an ancient bone altar of Kikubaaqudgha.
  4751 | D:5      | Reached skill level 1 in Invocations
  4938 | D:6      | Found a shadowy altar of Dithmenos.
  5073 | D:6      | Reached XP level 9. HP: 55/57 MP: 12/12
  5230 | D:6      | Found a runed translucent door.
  5288 | D:6      | Reached ** piety under the Shining One
  5383 | D:6      | Found a burning altar of Makhleb.
  5513 | D:6      | Found a sparkling altar of Nemelex Xobeh.
  5948 | D:6      | Noticed initializr's ghost (novice HuNe)
  5969 | D:6      | Killed initializr's ghost
  6063 | D:7      | Found Moxkamus's Distillery.
  6071 | D:7      | Bought a potion of curing for 30 gold pieces
  6071 | D:7      | Bought a potion of curing for 30 gold pieces
  6071 | D:7      | Bought a potion of curing for 30 gold pieces
  6076 | D:7      | Noticed a gargoyle
  6093 | D:7      | Killed a gargoyle
  6094 | D:7      | Reached skill level 5 in Unarmed Combat
  6309 | D:7      | Found a staircase to the Ecumenical Temple.
  6348 | D:7      | Identified the +5 sling "Xasaz" {elec, rCorr Str+7}
  6377 | D:7      | Found a flagged portal.
  6392 | Bailey   | Entered a bailey
  6653 | D:7      | Noticed Prince Ribbit
  6663 | D:7      | Killed Prince Ribbit
  6844 | D:7      | Noticed Menkaure
  6851 | D:7      | Killed Menkaure
  7035 | D:8      | Reached XP level 10. HP: 32/65 MP: 13/13
  7191 | D:8      | Found a staircase to the Lair.
  7371 | D:8      | Reached skill level 5 in Dodging
  7433 | D:8      | Reached skill level 5 in Fighting
  8418 | D:8      | Found a hide-covered altar of Uskayaw.
  8466 | D:8      | Reached skill level 5 in Invocations
  8587 | D:8      | Found a shimmering blue altar of Sif Muna.
  8786 | D:1      | Bought a book of Sloth for 468 gold pieces
  8793 | D:1      | Learned a level 6 spell: Statue Form
  8941 | Lair:1   | Entered Level 1 of the Lair of Beasts
  8941 | Lair:1   | Noticed an oklob plant
  9166 | Lair:1   | Killed an oklob plant
  9167 | Lair:1   | Reached skill level 1 in Earth Magic
  9722 | Lair:1   | Noticed a cane toad
  9732 | Lair:1   | Killed a cane toad
 10098 | Lair:1   | Reached XP level 11. HP: 58/72 MP: 15/15
 10603 | Lair:2   | Noticed a catoblepas
 10905 | Lair:2   | Noticed a four-headed hydra
 11674 | Lair:2   | Mangled by a catoblepas

Illustrated notes

Levels and vault maps discovered:
D:1:      minmay_arrival_four_houses, layout_basic, serial_shops, shop_fountains
D:2:      layout_basic, shapermc_ecumenical_altar_notcrosses,
          minmay_tetromino_t2, uniq_crazy_yiuf_cottage
D:3:      layout_basic, serial_bayou_crossing, uniq_grinder
D:4:      layout_basic
D:5:      minmay_polygon_palace, layout_loops_ring,
          nicolae_tso_carved_into_rock, kennysheep_vampire_church,
          nicolae_yredelemnul_corpse_copse, lightli_sewer_entry_pipes,
          chequers_decorated_corner, nicolae_grassy_gnolls
D:6:      layout_basic, grunt_dithmenos_smoke, old_standard_altar,
          mainiacjoe_overflow_cross_hatched, ebering_ghost_sewer_d
D:7:      layout_cave_pools, minmay_temple_entry_mini_moons, serial_shops,
          shop_statue, enter_bailey_3, uniq_menkaure, uniq_prince_ribbit1
D:8:      layout_rooms, nicolae_uskayaw_dance_hall, tgw_sif, erik_lair_island
D:9:      layout_cave_pools, nicolae_overflow_two_pavilions, minmay_the_grid_2x2
          [minmay_the_grid_armoury, minmay_the_grid_slots,
          minmay_the_grid_stretched_grid, minmay_the_grid_prize_trominoes]
Lair:1:   layout_cave_pods, eino_small_chamber_without_monster,
          dpeg_stationary_puzzle
Lair:2:   layout_misc_corridors, nicolae_swamp_entry_splash_gauntlet,
          guppyfry_snake_entry_island, serial_bayou_shore_a

Skill      XL: |  1  2  3  4  5  6  7  8  9 10 11 |
---------------+----------------------------------+-----
Ice Magic      | 1 2 4 5 6 7 8 |  8.0
Transmutations | 3 4 5 6 8 |  8.0
Fighting       | 2 3 4 5 6 |  6.5
Dodging        | 3 4 6 |  6.7
Unarmed Combat | 4 5 6 7 |  7.2
Invocations    | 1 3 5 6 |  6.3
Earth Magic    | 3 4 |  4.7
Spellcasting   | |  2.0

Action                   |  1- 3 |  4- 6 |  7- 9 | 10-12 || total
-------------------------+-------+-------+-------+-------++-------
Melee: Unarmed           |    59 |    66 |   296 |   284 ||   705
       Constrict         |    16 |    13 |     1 |     1 ||    31
       Tentacles         |    12 |    11 |     2 |     1 ||    26
       Kick              |    16 |     7 |     3 |       ||    26
       Punch             |     1 |     2 |       |       ||     3
 Cast: Beastly Appendage |     4 |     8 |     2 |       ||    14
       Ice Form          |       |     3 |    32 |    31 ||    66
       Wereblood         |       |     2 |    13 |     8 ||    23
Invok: Divine Shield     |       |       |     1 |     1 ||     2
Evoke: Wand              |       |       |     2 |     1 ||     3
  Use: Scroll            |       |     5 |       |     5 ||    10
       Potion            |       |       |     1 |       ||     1
 Stab: Sleeping          |     6 |     5 |       |       ||    11
Armor: Skin              |     5 |     9 |    80 |    81 ||   175
Dodge: Dodged            |    44 |    17 |   158 |   160 ||   379
Block: Other             |       |       |     4 |    19 ||    23

Table legend: (Time is in decaauts)
 A = Elapsed time spent in this place.
 B = Non-inter-level travel time spent in this place.
 C = Inter-level travel time spent in this place.
 D = Time resting spent in this place.
 E = Time spent auto-exploring this place.
 F = Levels seen in this place.
 G = Mean time per level.
                   A        B        C        D        E       F      G
               +--------+--------+--------+--------+--------+-----+--------+
         Total |  11628 |  10804 |    824 |   1048 |   7667 |  13 |  894.5 |
       Dungeon |   8983 |   8306 |    677 |    514 |   6132 |   9 |  998.1 |
          Lair |   2513 |   2366 |    147 |    534 |   1489 |   2 | 1256.5 |
         Sewer |    106 |    106 |      0 |      0 |     46 |   1 |  106.0 |
        Bailey |     24 |     24 |      0 |      0 |      0 |   1 |   24.0 |
               +--------+--------+--------+--------+--------+-----+--------+

Top non-repeatable levels by time:
  Lair:1: 1934 daAuts
     D:5: 1809 daAuts
     D:8: 1523 daAuts
     D:3: 1363 daAuts
     D:7: 1202 daAuts
     D:6: 1172 daAuts
     D:2: 767 daAuts
     D:4: 579 daAuts
  Lair:2: 579 daAuts
     D:1: 564 daAuts
   Sewer: 106 daAuts
  Bailey: 24 daAuts
     D:9: 1 daAuts
